AoeStats
← AiM | Facu1414

Arena

506036091Analyzed
4v4 RM · 19d ago on Sep 12, 2026· 31m 25s· 8 players
Game mode
Random Map
Map size
Large (8 player)
Population
200
Speed
Normal
Resources
Standard
Victory
Conquest
Starting age
Dark Age
Ending age
Imperial Age
RankedLock teamsTeams togetherTeam positionsShared explorationLock speedFull tech treeHidden civsTurbo modeCheats
Victory
Defeat
🇲🇽 Burgundians · Mexico
1590
+12
🇦🇷 Cumans · Argentina
1586
+13
🇨🇱 Spanish · Chile
1558
+14
🇦🇷 Khmer · Argentina
1553
+14
🇨🇳 Burgundians · China
1552
-14
🇲🇽 Khmer · Mexico
1543
-15
🇩🇪 Dravidians · Germany
1498
-13
🇲🇽 Burmese · Mexico
1447
-11
thefacelessz12
10:59 Feudal Age
15:00 Castle Age
13:13 Double-Bit Axe
19:11 Ballistics
18:46 Horse Collar
21:22 Ballistics
20:52 Loom
29:01 Imperial Age
26:59 Heavy Plow
27:54 Gold Mining
29:18 Bow Saw
29:44 Gold Shaft Mining
30:45 Double Crossbow
[Pb] Komodo 3000
7:38 Loom
10:13 Feudal Age
15:35 Castle Age
23:34 Horse Collar
23:57 Gold Mining
29:05 Stone Mining
30:42 Wheelbarrow
AticAtac
10:05 Feudal Age
14:23 Castle Age
13:35 Double-Bit Axe
13:31 Horse Collar
13:42 Gold Mining
15:25 Bow Saw
17:44 Loom
24:44 Heavy Plow
25:51 Wheelbarrow
26:58 Hand Cart
30:06 Imperial Age
27:57 Stone Mining
28:12 Fletching
28:41 Padded Archer Armor
29:03 Ballistics
29:39 Bodkin Arrow
30:01 Leather Archer Armor
29:59 Masonry
30:05 Fortified Wall
30:12 Husbandry
30:25 Town Watch
31:56 Chemistry
30:19 Elite Elephant Archer
昙花生
10:00 Feudal Age
12:14 Loom
14:39 Town Watch
17:43 Castle Age
15:33 Horse Collar
16:24 Double-Bit Axe
16:54 Scale Barding Armor
16:47 Gold Mining
17:31 Heavy Plow
17:45 Cavalier
23:23 Fervor
AiM | Fubuki Sinri
9:23 Feudal Age
8:16 Double-Bit Axe
14:20 Horse Collar
16:51 Wheelbarrow
17:26 Bow Saw
17:17 Heavy Plow
17:10 Gold Mining
18:30 Wheelbarrow
18:36 Wheelbarrow
21:41 Castle Age
19:29 Loom
21:49 Castle Age
21:46 Gold Shaft Mining
21:02 Stone Mining
23:15 Town Watch
28:32 Imperial Age
26:22 Hand Cart
28:38 Imperial Age
28:56 Two-Man Saw
29:45 Stone Shaft Mining
29:50 Padded Archer Armor
31:31 Chemistry
31:38 Leather Archer Armor
32:03 Crop Rotation
AiM | Facu1414
10:27 Feudal Age
13:43 Castle Age
12:13 Double-Bit Axe
13:05 Horse Collar
16:18 Wheelbarrow
17:34 Bow Saw
18:30 Heavy Plow
20:11 Hand Cart
19:42 Loom
19:43 Town Watch
21:59 Gold Mining
23:15 Gold Shaft Mining
23:40 Scale Barding Armor
23:46 Forging
24:02 Stone Mining
27:28 Imperial Age
25:45 Stone Shaft Mining
25:35 Chain Barding Armor
26:46 Iron Casting
27:33 Bloodlines
27:24 Husbandry
29:02 Plate Barding Armor
29:27 Blast Furnace
30:47 Blast Furnace
31:53 Tusk Swords
32:14 Conscription
AiM | PoRRo
5:02 Loom
11:14 Feudal Age
15:20 Castle Age
13:25 Double-Bit Axe
16:00 Fletching
26:33 Bodkin Arrow
26:31 Town Watch
29:12 Wheelbarrow
28:43 Husbandry
34:04 Imperial Age
AIM | Agua cate 98
8:36 Feudal Age
10:54 Loom
17:19 Horse Collar
18:49 Double-Bit Axe
21:52 Wheelbarrow
21:50 Town Watch
25:05 Castle Age
23:33 Gold Mining
24:20 Bloodlines
24:56 Forging
25:55 Capped Ram
27:17 Atonement
27:58 Scale Barding Armor
28:28 Iron Casting
31:52 Chain Barding Armor
Connection lost

Rejoining the realm…

Still unreachable

The connection could not be restored.

Session expired

The server has moved on; the page needs a fresh start.